 Dungeon Crawl Stone Soup version 0.31-a0-233-g139696dc86 (webtiles) character file.

Game seed: 8886324497665201273

56 qw the Shooter (level 3, -8/29 HPs)
             Began as a Minotaur Hexslinger on July 7, 2023.
             Mangled by a gnoll
             ... wielding a +0 halberd
              (10 damage)
             ... on level 2 of the Dungeon.
             The game lasted 00:00:27 (952 turns).

qw the Shooter (Minotaur Hexslinger)                 Turns: 952, Time: 00:00:27

Health: -8/29      AC:  5    Str: 11 (12) XL:     3   Next: 69%
Magic:  3/3        EV: 10    Int:  9 (10) God:
Gold:   112        SH:  0    Dex: 12 (14) Spells: 3/4 levels left

rFire   . . .        Y - +1 sling
rCold   . . .        (no shield)
rNeg    + . .        j - +0 ring mail
rPois   .            (helmet restricted)
rElec   .            (no cloak)
rCorr   .            (no gloves)
SInv    .            (no boots)
Will    .....        (no amulet)
Stlth   +            g - ring of positive energy
HPRegen 0.24/turn    (no ring)
MPRegen 0.08/turn

%: no passive effects
@: no status effects
A: horns 2, retaliatory headbutt
a: no special abilities


You were on level 2 of the Dungeon.
You visited 1 branch of the dungeon, and saw 2 of its levels.

You collected 112 gold pieces.


Innate Abilities, Weirdness & Mutations

You have a pair of horns on your head.
You reflexively headbutt those who attack you in melee.


   Skills:
 - Level 2.0 Fighting
 - Level 4.1 Ranged Weapons
 + Level 0.4 Armour
 - Level 2.1 Dodging
 - Level 1.0 Spellcasting
 - Level 2.0 Hexes


You had 3 spell levels left.
You knew the following spells:

 Your Spells              Type           Power      Damage    Failure   Level
a - Slow                  Hex            16%        N/A       36%         1

Your spell library contained the following spells:

 Spells                   Type           Power      Damage    Failure   Level
 Inner Flame              Hex/Fire       2%         N/A       87%         3
 Portal Projectile        Hex/Tloc       4%         N/A       87%         3
 Cause Fear               Hex            2%         N/A       98%         4

Inventory:

Hand Weapons
 Y - a +1 sling (weapon)
Armour
 j - a +0 ring mail (worn)
Jewellery
 g - a ring of positive energy (left hand)
Scrolls
 a - a scroll of identify
Potions
 i - a potion of mutation
 k - a potion of curing

Dungeon Overview and Level Annotations

Branches:
Dungeon (2/15)

Altars:


Message History

The goblin hits you but does no damage.
You shoot a sling bullet. The sling bullet hits the goblin.
The goblin is heavily wounded.
The goblin misses you. The goblin hits you but does no damage.
You shoot a sling bullet. The sling bullet misses the goblin.
The goblin closely misses you. You furiously retaliate!
You headbutt the goblin!
You kill the goblin!
You shoot a sling bullet.
The sling bullet completely misses the endoplasm.
The endoplasm freezes you.
You are frozen.
You shoot a sling bullet. The sling bullet hits the endoplasm.
The endoplasm is moderately wounded.
The endoplasm freezes you.
You are frozen.
You shoot a sling bullet. The sling bullet hits the endoplasm!
You kill the endoplasm!
The ball python bites you but does no damage.
The ball python grabs you. The ball python constricts you.
You shoot a sling bullet. The sling bullet hits the ball python.
You kill the ball python!
The gnoll closely misses you. x2
You shoot a sling bullet. The sling bullet hits the gnoll.
The gnoll is moderately wounded.
The gnoll hits you from afar with a +0 halberd.
You shoot a sling bullet. The sling bullet hits the gnoll.
The gnoll is moderately wounded.
The gnoll hits you but does no damage.
You shoot a sling bullet.
The sling bullet hits the gnoll but does no damage.
The gnoll is moderately wounded.
The gnoll barely misses you.
The gnoll hits you from afar with a +0 halberd.
You shoot a sling bullet. The sling bullet hits the gnoll.
The gnoll is heavily wounded.
The gnoll hits you from afar with a +0 halberd.
You shoot a sling bullet.
The sling bullet barely misses the gnoll.
The gnoll hits you from afar with a +0 halberd!
You die...

..........#......#.##.##
#.#.##.
####.###...........#...# #....
#.# #.#.....#####.#.# ... #.#
#.......# ##.#.## ##.# ####.#
#..#....# #..#..# .##.. .....#
#.......# ##.###.## .....
###..###.....#####..#
#..###.....
#...#....#####...##
##...####.. ##..#.### #...@###
###....### #..#.......)..)gJ.#
####....
#..#.#####....###...###....###
#.....#.#####...# ##...#####.
#.##....# ###.. #..#######.
...##....# #.###.##.......
...........# ..#..##.######
.....####..#### #.#.## .....
#.....# #.#.#


You could see a gnoll and an endoplasm.

Vanquished Creatures
  An adder (D:2)
  3 dart slugs
  6 ball pythons
  A bat (D:1)
  7 endoplasms
  2 giant cockroaches (D:1)
  4 goblins
  4 hobgoblins
  4 kobolds (D:1)
  A quokka (D:2)
  A frilled lizard (D:2)
  3 rats
37 creatures vanquished.

Notes
Turn   | Place    | Note
-------+----------+-------------------------------------------
     0 | D:1      | qw the Minotaur Hexslinger began the quest for the Orb.
     0 | D:1      | Reached XP level 1. HP: 16/16 MP: 1/1
     0 | D:1      | 0 ||| qw: Version: 0.3-a-46-gb1f654a
     0 | D:1      | 0 ||| qw: Game counter: 3227
     0 | D:1      | 0 ||| qw: Melee chars always use a shield: true
     0 | D:1      | 0 ||| qw: God list: Okawaru
     0 | D:1      | 0 ||| qw: Allow faded altars: false
     0 | D:1      | 0 ||| qw: Do Orc after clearing Dungeon:15 true
     0 | D:1      | 0 ||| qw: Do second Lair branch before Depths: true
     0 | D:1      | 0 ||| qw: Lair rune preference: random
     0 | D:1      | 0 ||| qw: Goals: Normal
     0 | D:1      | 0 ||| PLANNING D:1-11
   128 | D:1      | Reached skill level 3 in Ranged Weapons
   129 | D:1      | Reached XP level 2. HP: 23/23 MP: 2/2
   178 | D:1      | Found a faded altar of an unknown god.
   513 | D:1      | Reached XP level 3. HP: 29/29 MP: 3/3
   631 | D:1      | 631 ||| UPGRADING to +0 leather armour.
   641 | D:1      | 641 ||| DROPPING +0 robe.
   642 | D:1      | 642 ||| UPGRADING to +0 ring mail.
   652 | D:1      | 652 ||| DROPPING +0 leather armour.
   653 | D:1      | 653 ||| UPGRADING to ring of positive energy.
   654 | D:1      | 654 ||| READING 4 scrolls labelled RUDIEB YNAGU.
   655 | D:1      | 655 ||| READING scroll labelled NINGYN XUETZ.
   659 | D:1      | 659 ||| READING scroll labelled WIUFAPH QOIRAXT.
   660 | D:1      | 660 ||| DRINKING 2 green potions.
   661 | D:1      | 661 ||| DRINKING 2 sedimented cyan potions.
   662 | D:1      | 662 ||| READING 3 scrolls of identify.
   662 | D:1      | 662 ||| IDENTIFYING smoky purple potion
   663 | D:1      | 663 ||| READING 2 scrolls of identify.
   663 | D:1      | 663 ||| IDENTIFYING puce potion
   664 | D:1      | 664 ||| DROPPING scroll of poison.
   665 | D:1      | 665 ||| DROPPING potion of degeneration.
   933 | D:2      | HP: 7/29 [adder (1)]
   934 | D:2      | 934 ||| DRINKING potion of heal wounds.
   936 | D:2      | Reached skill level 4 in Ranged Weapons
   950 | D:2      | HP: 7/29 [gnoll/+0 halberd (6)]
   951 | D:2      | HP: 2/29 [gnoll/+0 halberd (6)]
   952 | D:2      | Mangled by a gnoll

Levels and vault maps discovered:
D:1:      wander_arrival_lonely_grave, layout_basic,
          hellmonk_ecumenical_altar_heavens_door
D:2:      minmay_general_purpose_star, layout_basic,
          minmay_misc_feat_more_columns

Skill      XL: |  1  2  3 |
---------------+----------+-----
Ranged Weapons | 3 4 |  4.1
Fighting       | 2 |  2.0
Armour         | |  0.4
Dodging        | |  2.1
Spellcasting   | |  1.0
Hexes          | |  2.0

Action                     || total
---------------------------++-------
   Fire: Sling             ||   103
    Use: Scroll            ||     5
         Potion            ||     3
 Armour: Robe              ||     2
         Ring mail         ||    13
  Dodge: Dodged            ||    26

Table legend:
 A = Non-vault XP
 B = Vault XP
 C = Vault XP percentage of total XP
 D = Non-vault monster count
 E = Vault monster count
 F = Vault count percentage of total count
                 A         B        C        D         E       F
            +---------+---------+-------+---------+---------+-------
      Total |      62 |      18 |  22.5 |      33 |       4 |  10.8
            +---------+---------+-------+---------+---------+-------
        D:1 |      43 |       0 |   0.0 |      24 |       0 |   0.0
        D:2 |      19 |      18 |  48.6 |       9 |       4 |  30.8
            +---------+---------+-------+---------+---------+-------
